 Dungeon Crawl Stone Soup version 0.22.0-35-ge4bf2f5f59 (webtiles) character file.

97 Loge the Ruffian (level 4, -2/45 HPs)
             Began as a Troll Monk on Aug 23, 2018.
             Slain by an orc
             ... wielding a +0 mace
              (4 damage)
             ... on level 3 of the Dungeon.
             The game lasted 00:02:59 (1741 turns).

Loge the Ruffian (Troll Monk)                       Turns: 1741, Time: 00:02:59

Health: -2/45      AC:  5    Str: 19    XL:     4   Next: 42%
Magic:  3/3        EV: 10    Int:  6    God:
Gold:   158        SH:  0    Dex: 13    Spells: 3/3 levels left

rFire    . . .     SeeInvis .     - Unarmed
rCold    . . .     Gourm    +   (no shield)
rNeg     . . .     Faith    .   a - +0 robe
rPois    .         Spirit   .   (helmet restricted)
rElec    .         Reflect  .   k - scarf {cloud immunity}
rCorr    .         Harm     .   (gloves unavailable)
MR       .....                  (boots unavailable)
Stlth    ++........             (no amulet)
HPRegen  0.55/turn              (no ring)
MPRegen  0.08/turn              (no ring)

@: no status effects
A: large, unfitting armour, claws 3, fast metabolism 3, gourmand, regeneration
1, shaggy fur 1, tough skin 2
a: no special abilities


You were on level 3 of the Dungeon.
You were very full.

You visited 1 branch of the dungeon, and saw 3 of its levels.

You collected 158 gold pieces.

Inventory:

Missiles
 c - 14 poisoned needles
Armour
 a - a +0 robe (worn)
 k - a scarf of cloud immunity (worn)
Scrolls
 e - a scroll of immolation {unknown}
 f - a scroll of enchant armour {unknown}
 g - a scroll of teleportation {unknown}
 h - 2 scrolls of blinking {unknown}
 l - a scroll of identify {unknown}
Potions
 d - a potion of magic {unknown}
 j - a potion of agility {unknown}
 m - a potion of might {unknown}
 n - a potion of brilliance {unknown}
 o - 2 potions of heal wounds {unknown}
Comestibles
 b - 9 rations
 i - 5 chunks of flesh


   Skills:
 + Level 3.1 Fighting
 - Level 2.4 Dodging
 - Level 1.0 Stealth
 * Level 4.6 Unarmed Combat


You had 3 spell levels left.
You didn't know any spells.
Your spell library was empty.

Dungeon Overview and Level Annotations

Branches:
Dungeon (3/15)

Altars:


Innate Abilities, Weirdness & Mutations

You are too large for most types of armour.
You have claws for hands.
Your metabolism is lightning-fast.
You like to eat raw meat.
Your natural rate of healing is unusually fast.
You are covered in fur. (AC +1)
You have very tough skin. (AC +2)


Message History

You barely miss the orc priest.
The orc priest mumbles some strange prayers to Beogh against you.
Beogh smites you!
* * * LOW HITPOINT WARNING * * *
The orc hits you but does no damage. The quokka barely misses you.
The orc hits you with a hand axe of freezing.
* * * LOW HITPOINT WARNING * * *
The orc freezes you.
* * * LOW HITPOINT WARNING * * *
The orc closely misses you.
You barely miss the orc priest.
The orc priest hits you but does no damage.
The orc closely misses you. The quokka bites you.
* * * LOW HITPOINT WARNING * * *
The hobgoblin hits you.
* * * LOW HITPOINT WARNING * * *
The orc hits you but does no damage. x2
The orc priest barely misses you. The hobgoblin misses you.
The orc hits you with a mace.
You die...

#.........#
#.........#
#######.........#
#...............
#...........###
#...........#
##..........[#
#............#
#.@g.........#
#oro..########
#oo.......
#.........
#....g....
..........
...........
...###..... ....
.....


You could see an orc priest, 3 orcs, a quokka and 2 hobgoblins.

Vanquished Creatures
  Robin (D:2)
  2 adders
  A worm (D:3)
  2 dart slugs (D:2)
  A leopard gecko (D:1)
  An orc (D:3)
  5 bats
  A giant cockroach (D:1)
  14 goblins
  9 hobgoblins
  4 jackals (D:1)
  9 kobolds
  4 frilled lizards
54 creatures vanquished.

Notes
Turn   | Place    | Note
-------+----------+-------------------------------------------
     0 | D:1      | Loge the Troll Monk began the quest for the Orb.
     0 | D:1      | Reached XP level 1. HP: 22/22 MP: 0/0
   424 | D:1      | Reached XP level 2. HP: 29/29 MP: 1/1
   713 | D:1      | Reached XP level 3. HP: 33/36 MP: 2/2
  1052 | D:2      | Reached skill level 4 in Unarmed Combat
  1248 | D:2      | Noticed Robin
  1266 | D:2      | Killed Robin
  1337 | D:2      | Found a faded altar of an unknown god.
  1356 | D:2      | Reached XP level 4. HP: 42/45 MP: 3/3
  1740 | D:3      | HP: 2/45 [hobgoblin (4)]
  1741 | D:3      | Slain by an orc

Skill      XL: |  1  2  3 |
---------------+----------+-----
Unarmed Combat | 4 |  4.6
Fighting       | 3 |  3.1
Dodging        | |  2.4
Stealth        | |  1.0

Action                   |  1- 3 |  4- 6 || total
-------------------------+-------+-------++-------
Melee: Unarmed           |   114 |    28 ||   142
       Punch             |     1 |     1 ||     2
 Stab: Sleeping          |     4 |       ||     4
       Distracted        |       |     1 ||     1
  Eat: Chunk             |    18 |     3 ||    21
Armor: Robe              |    47 |    20 ||    67
Dodge: Dodged            |    76 |    13 ||    89
